 Dungeon Crawl Stone Soup version 0.17.0-57-g0e89251 (webtiles) character file.

2176 coffecat the Covert (level 9, 0/41 HPs)
             Began as a Felid Berserker on Dec 7, 2015.
             Was a Priest of Trog.
             Slain by a killer bee (1 damage)
             ... on level 9 of the Dungeon.
             The game lasted 00:25:35 (5486 turns).

coffecat the Covert (Felid Berserker)               Turns: 5486, Time: 00:25:35

Health: 0/41       AC:  2    Str: 16    XL:     9   Next: 11%
Magic:  0/10       EV: 21    Int:  9    God:    Trog [***...]
Gold:   322        SH:  0    Dex: 18    Spells: 0 memorised, 8 levels left
                                        Lives:  0   Deaths: 2

rFire  + . .     SeeInvis +       - Unarmed
rCold  x . .     Clarity  .     (armour unavailable)
rNeg   . . .     SustAt   .     (shield unavailable)
rPois  .         Gourm    .     (helmet unavailable)
rElec  .         Spirit   +     (cloak unavailable)
rCorr  .         Warding  .     (gloves unavailable)
rMut   .         Stasis   .     (boots unavailable)
MR     +++..                    u - amulet of guardian spirit
Stlth  +++++++...               g - +3 ring of strength
                                m - ring of fire

@: lethally poisoned (0 -> 0), exhausted, very slightly contaminated,
regenerating, slowed, slow, extremely resistant to hostile enchantments,
extremely stealthy
A: no armour, no weapons or thrown items, claws 1, fangs 3, see invisible,
carnivore 3, speed 1, shaggy fur 2, slow metabolism 1, sharp paws
a: Berserk, Trog's Hand, Burn Spellbooks, Renounce Religion


You were on level 9 of the Dungeon.
You worshipped Trog.
Trog was most pleased with you.
You were not hungry.

You visited 1 branch of the dungeon, and saw 9 of its levels.

You collected 322 gold pieces.

Inventory:

Jewellery
 f - a +5 ring of intelligence {unknown}
 g - a +3 ring of strength (right paw)
 m - a ring of fire (left paw)
 r - the ring of Yredelemnul's Wrath {rC+ MP+9 Int+3 Stlth+, unknown}
   (You found it on level 7 of the Dungeon)

   [ring of protection from cold]

   It affects your intelligence (+3).
   It protects you from cold.
   It affects your magic capacity (+9).
   It makes you more stealthy.
 u - an amulet of guardian spirit (around neck)
Wands
 o - a wand of disintegration (11)
 q - a wand of slowing (20)
Scrolls
 d - a scroll of random uselessness {unknown}
 k - 3 scrolls of identify {unknown}
 l - a scroll of noise {unknown}
 s - a scroll of amnesia {unknown}
 y - a scroll of remove curse
Potions
 c - a potion of flight {unknown}
 h - a potion of invisibility {unknown}
 i - a potion of mutation {unknown}
 j - a potion of brilliance {unknown}
 n - a potion of curing {unknown}
 p - 2 potions of berserk rage {unknown}
 w - a potion of might {unknown}
Comestibles
 a - 3 meat rations
 b - 7 chunks of flesh
 t - a slice of pizza
 x - 10 royal jellies


   Skills:
 + Level 6.0 Fighting
 - Level 5.2 Dodging
 * Level 14.7 Stealth
 + Level 7.6 Unarmed Combat


You had 8 spell levels left.
You didn't know any spells.

Dungeon Overview and Level Annotations

Branches:
Dungeon (9/15)             Temple (0/1) D:5
   Lair: D:8-11         Orc: D:9-12

Altars:
Cheibriados
Dithmenos
Fedhas
Gozag
Kikubaaqudgha
Yredelemnul
Zin


Innate Abilities, Weirdness & Mutations

You cannot wear armour.
You are incapable of wielding weapons or throwing items.
You have sharp claws.
You have razor-sharp teeth.
You have supernaturally acute eyesight.
You are carnivorous and can eat meat at any time.
You cover ground quickly.
You are covered in thick fur (AC +2).
You have a slow metabolism.
Your sharp claws are effective at attacking unaware monsters.


Message History

You are very lightly contaminated with residual magic.
As you read the scroll of blinking, it crumbles to dust.
* * * LOW HITPOINT WARNING * * *
You feel very sick.
* * * LOW HITPOINT WARNING * * *
You feel very sick.
You enter the shallow water.
Moving in this stuff is going to be slow.
You feel the effects of Trog's Hand fading.
* * * LOW HITPOINT WARNING * * *
You feel very sick. The killer bee completely misses you.
The killer bee closely misses you.
* * * LOW HITPOINT WARNING * * *
You feel sick. The killer bee misses you.
* * * LOW HITPOINT WARNING * * *
You feel sick. The killer bee barely misses you.
The killer bee barely misses you.
* * * LOW HITPOINT WARNING * * *
You feel sick. The killer bee stings you.
You die...

#.###'##
........
#.##...# #
........
#.##.#.#
##..
##....PP
#.##...##..
##..PPP
##.≈##'##≈#
#.PP_P
##...≈.≈.≈.#
##P.Pc
#.........##


#P.PP ##.....y.## #.... ####..@.# ##.#. #....# # # #. #....# .# .. #....###.# ..
#....#...# ... #.#....# ... #.....## #..#..# #..#.....# You could see a killer
bee.

Vanquished Creatures
  The ghost of Nicoed the Charmwright, an amateur FoSk (D:4)
  3 hippogriffs
  The ghost of Nicoed the Skirmisher, an amateur FoSk (D:3)
  5 yaks (D:9)
  2 water moccasins
  A sky beast (D:7)
  A black bear (D:8)
  A phantom (D:5)
  2 necrophages
  3 ogres
  3 centaurs
  A giant frog (D:6)
  A big kobold (D:6)
  A water moccasin skeleton (D:8)
  4 killer bees (D:9)
  3 wights (D:7)
  A centaur zombie (D:9)
  A giant frog zombie (D:6)
  A gnoll shaman (D:6)
  2 crimson imps (D:6)
  A hound (D:7)
  5 jellies
  4 worker ants
  2 iguanas
  A mummy (D:7)
  7 adders
  7 gnolls
  An adder zombie (D:7)
  6 oozes
  An adder skeleton (D:5)
  5 worms
  9 orcs
  3 bats
  4 giant cockroaches
  3 hobgoblins
  3 quokkas
  2 giant gecko skeletons
  4 giant newts
  5 goblins
  10 kobolds
  2 orc zombies (D:7)
  A quokka skeleton (D:9)
  3 rats
127 creatures vanquished.

Notes
Turn   | Place    | Note
--------------------------------------------------------------
     0 | D:1      | coffecat the Felid Berserker began the quest for the Orb.
     0 | D:1      | Reached XP level 1. HP: 10/10 MP: 2/2
   568 | D:2      | Reached XP level 2. HP: 14/14 MP: 3/3
   681 | D:2      | Reached XP level 3. HP: 10/17 MP: 4/4
   819 | D:2      | Reached skill level 5 in Dodging
  1148 | D:2      | Reached skill level 1 in Stealth
  1380 | D:3      | Reached ** piety under Trog
  1541 | D:3      | Noticed Nicoed's ghost (amateur FoSk)
  1551 | D:3      | Killed Nicoed's ghost
  1551 | D:3      | Reached XP level 4. HP: 12/22 MP: 5/5
  1551 | D:3      | Reached XP level 5. HP: 13/25 MP: 6/6
  2043 | D:4      | Noticed Nicoed's ghost (amateur FoSk)
  2066 | D:4      | Killed Nicoed's ghost
  2066 | D:4      | Reached skill level 6 in Stealth
  2066 | D:4      | Reached skill level 5 in Unarmed Combat
  2066 | D:4      | Gained mutation: You are covered in thick fur (AC +2). [Felid growth]
  2066 | D:4      | Reached XP level 6. HP: 15/28 MP: 7/7
  2312 | D:4      | Noticed an ogre
  2317 | D:4      | Killed an ogre
  2317 | D:4      | Reached XP level 7. HP: 32/32 MP: 8/8
  2363 | D:5      | Entered Level 5 of the Dungeon
  2610 | D:5      | Reached skill level 7 in Stealth
  2889 | D:5      | Found a glowing silver altar of Zin.
  2901 | D:5      | Found a staircase to the Ecumenical Temple.
  2978 | D:6      | Reached skill level 8 in Stealth
  3037 | D:6      | Found a basalt altar of Yredelemnul.
  3184 | D:6      | Reached skill level 9 in Stealth
  3200 | D:6      | Reached XP level 8. HP: 3/36 MP: 9/9
  3200 | D:6      | HP: 2/54 [poisoned by a water moccasin]
  3205 | D:6      | HP: 1/36 [poisoned by a water moccasin]
  3207 | D:6      | Succumbed to a water moccasin's poison
  3208 | D:6      | Reached XP level 7. HP: 0/33 MP: 8/8
  3479 | D:7      | Reached skill level 10 in Stealth
  3636 | D:7      | Reached skill level 5 in Fighting
  3665 | D:7      | Reached skill level 11 in Stealth
  3665 | D:7      | Reached XP level 8. HP: 32/37 MP: 9/9
  3893 | D:7      | Found a shadowy altar of Dithmenos.
  4057 | D:7      | Found an ancient bone altar of Kikubaaqudgha.
  4266 | D:7      | Found a snail-covered altar of Cheibriados.
  4437 | D:7      | Reached skill level 12 in Stealth
  4562 | D:7      | Found an opulent altar of Gozag.
  4629 | D:7      | Got a slimy tin ring
  5110 | D:9      | Reached skill level 13 in Stealth
  5110 | D:9      | Reached XP level 9. HP: 34/37 MP: 7/10
  5249 | D:9      | Found a blossoming altar of Fedhas.
  5270 | D:9      | Shot with an arrow by a centaur
  5271 | D:9      | Reached XP level 8. HP: -4/34 MP: 0/9
  5276 | D:9      | Reached *** piety under Trog
  5354 | D:9      | Reached skill level 14 in Stealth
  5463 | D:9      | Reached XP level 9. HP: 41/41 MP: 5/10
  5484 | D:9      | HP: 2/41 [poisoned by a killer bee]
  5486 | D:9      | Slain by a killer bee

Action                   |  1- 3 |  4- 6 |  7- 9 || total
-------------------------+-------+-------+-------++-------
Melee: Unarmed           |    98 |    32 |   236 ||   366
Invok: Berserk           |     4 |     3 |     8 ||    15
       Trog's Hand       |     1 |       |    10 ||    11
       Burn Spellbooks   |       |       |     2 ||     2
  Use: Scroll            |       |       |     8 ||     8
 Stab: Sleeping          |     3 |     3 |    31 ||    37
       Distracted        |     1 |     1 |       ||     2
  Eat: Chunk             |    12 |     3 |    19 ||    34
